 Dungeon Crawl Stone Soup version 0.21-a0-210-gbfa5647 (webtiles) character file.

212 Gorglomux the Skirmisher (level 5, -2/48 HPs)
             Began as a Hill Orc Abyssal Knight on Aug 21, 2017.
             Was a Believer of Lugonu.
             Killed from afar by an electric eel (14 damage)
             ... with a bolt of electricity
             ... on level 4 of the Dungeon.
             The game lasted 00:04:14 (3285 turns).

Gorglomux the Skirmisher (Hill Orc Abyssal Knight)  Turns: 3285, Time: 00:04:15

Health: -2/48      AC:  4    Str: 16    XL:     5   Next: 89%
Magic:  8/8        EV: 10    Int: 12    God:    Lugonu [**....]
Gold:   205        SH:  3    Dex: 10    Spells: 4/4 levels left

rFire    . . .     SeeInvis .   a - +1 hand axe
rCold    . . .     Gourm    .   g - +0 buckler
rNeg     . . .     Faith    +   b - +0 leather armour
rPois    .         Spirit   .   (no helmet)
rElec    .         Reflect  .   (no cloak)
rCorr    .         Harm     .   (no gloves)
MR       .....                  k - +0 pair of boots
Stlth    +.........             v - amulet of faith
HPRegen  0.16/turn              (no ring)
MPRegen  0.11/turn              (no ring)

@: no status effects
A: no striking features
a: Depart the Abyss, Bend Space, Renounce Religion


You were on level 4 of the Dungeon.
You worshipped Lugonu.
Lugonu was pleased with you.
You were not hungry.

You visited 1 branch of the dungeon, and saw 4 of its levels.
You visited the Abyss 1 time.

You collected 205 gold pieces.

Inventory:

Hand Weapons
 a - a +1 hand axe (weapon)
Armour
 b - a +0 leather armour (worn)
 g - a +0 buckler (worn)
 k - a +0 pair of boots (worn)
Jewellery
 v - an amulet of faith (around neck)
Scrolls
 d - a scroll of random uselessness {unknown}
 i - 2 scrolls of enchant armour {unknown}
 j - 2 scrolls of remove curse
 l - a scroll of identify {unknown}
 m - 2 scrolls of teleportation {unknown}
Potions
 h - a potion of invisibility {unknown}
 o - 4 potions of curing {unknown}
 s - a potion of brilliance {unknown}
 u - a potion of degeneration {unknown}
Comestibles
 c - 4 bread rations
 q - a royal jelly
 w - 2 fruits


   Skills:
 + Level 5.5 Fighting
 + Level 4.7 Axes
 - Level 2.1 Armour
 - Level 0.7 Dodging
 + Level 4.8 Invocations


You had 4 spell levels left.
You didn't know any spells.

Dungeon Overview and Level Annotations

Branches:
Dungeon (4/15)
 Temple: D:4-7

Altars:
Dithmenos
Elyvilon
Okawaru
Wu Jian

Annotations:
D:2 1 runed door
D:4 1 transporter


Message History

The electric eel shoots out a bolt of lightning at you!!!
The bolt of electricity hits you!!!
Found a pitted bronze amulet, 12 gold pieces and a short sword!
Found a transporter!
There are monsters nearby!!!
Unknown command!
There are monsters nearby!!!
The butt eel shoots out a bolt of lightning at you!!!
The butt of electricity hits you!!! The bolt of electricity hits you!!!
Found 20 stones!
Unknown command!
Butt command!
As you open the door, it creaks loudly!!!
The electric eel shoots out a bolt of lightning at you!!!
The bolt of electricity hits you!!! * * * don't die
* * * Unknown command!
The electric eel shoots out a bolt of lightning at you!!!
The bolt of electricity hits you!!! rip

#.## # #..##
.#
####...###.#
#....©.....##
#.#######....
#.#8.©.8#.#
##
#.#P($.P#.#
...
#.###@###.#
###
#.#;"..≈#.#
#.#≈...≈#.#
#.#;...≈#.#
#.#≈.⌠.≈#.#
#.#≈...≈#.#
#.#≈...≈#.#
#.#≈..)≈#.#
#.###+###.#


You could see 2 electric eels.

Vanquished Creatures
  An orc wizard (D:3)
  Jessica (D:2)
  An iguana (D:3)
  A worker ant (D:4)
  3 adders
  An ooze (D:1)
  2 worms
  2 dart slugs (D:2)
  5 leopard geckos
  4 orcs (D:3)
  3 ball pythons
  2 giant cockroaches
  7 hobgoblins
  2 quokkas (D:2)
  7 bats
  3 frilled lizards
  5 goblins
  7 kobolds
  3 rats
60 creatures vanquished.

Notes
Turn   | Place    | Note
-------+----------+-------------------------------------------
     0 | Abyss:1  | Gorglomux the Hill Orc Abyssal Knight began the quest for the Orb.
     0 | Abyss:1  | Reached XP level 1. HP: 19/19 MP: 2/2
     5 | D:1      | Escaped the Abyss
   388 | D:1      | Reached skill level 4 in Fighting
   388 | D:1      | Reached XP level 2. HP: 27/27 MP: 4/4
   696 | D:1      | Reached skill level 3 in Axes
   777 | D:1      | Reached skill level 3 in Invocations
  1025 | D:2      | Reached XP level 3. HP: 33/33 MP: 5/5
  1027 | D:2      | Reached ** piety under Lugonu
  1348 | D:2      | Noticed Jessica
  1360 | D:2      | Killed Jessica
  1360 | D:2      | Reached XP level 4. HP: 12/41 MP: 6/6
  1615 | D:2      | Found a runed door.
  1702 | D:2      | Found an ornate altar of the Wu Jian Council.
  1996 | D:3      | Reached skill level 5 in Fighting
  2682 | D:3      | Reached XP level 5. HP: 41/48 MP: 8/8
  2696 | D:3      | Found an iron altar of Okawaru.
  2888 | D:3      | Found a shadowy altar of Dithmenos.
  2954 | D:3      | Found a white marble altar of Elyvilon.
  3282 | D:4      | Found a transporter.
  3285 | D:4      | Killed from afar by an electric eel

Vault maps used:
D:1:      nagdon_arrival_double_spiral
D:2:      nicolae_overflow_crystal_walls, uniq_jessica, uniq_crazy_yiuf_cottage
D:3:      lemuel_round_altar, lemuel_crystal_altar, lemuel_doored_altar,
          first_bread
D:4:      gammafunk_steamed_eel, old_standard_altar, kennysheep_generic_room_9

Skill      XL: |  1  2  3  4 |
---------------+-------------+-----
Fighting       | 4 5 |  5.5
Axes           | 3 4 |  4.7
Invocations    | 3 4 |  4.8
Armour         | |  2.1
Dodging        | |  0.7

Action                   |  1- 3 |  4- 6 || total
-------------------------+-------+-------++-------
Melee: Hand axe          |    98 |   135 ||   233
Invok: Bend Space        |       |     2 ||     2
  Use: Scroll            |       |     1 ||     1
  Eat: Chunk             |     1 |     7 ||     8
Armor: Leather armour    |    23 |    38 ||    61
Dodge: Dodged            |    61 |    70 ||   131
Block: Buckler           |    10 |    30 ||    40

Table legend:
 A = Spawn XP
 B = Non-spawn XP
 C = Spawn XP percentage of total XP
 D = Spawn monster count
 E = Non-spawn monster count
 F = Spawn count percentage of total count
 G = Total turns spent on level
                    A         B        C        D         E        F      G
               +---------+---------+-------+---------+---------+-------+---------
         Total |      52 |     251 |  17.2 |       6 |      54 |  10.0 |  3285
               +---------+---------+-------+---------+---------+-------+---------
           D:1 |      12 |      20 |  37.5 |       3 |      12 |  20.0 |  1014
           D:2 |       2 |     102 |   1.9 |       1 |      20 |   4.8 |  1104
           D:3 |      38 |      96 |  28.4 |       2 |      21 |   8.7 |   903
           D:4 |       0 |      33 |   0.0 |       0 |       1 |   0.0 |   259
               +---------+---------+-------+---------+---------+-------+---------
